 Dungeon Crawl Stone Soup version 0.30.1 (webtiles) character file.

Game seed: 6659632777405189797

165 Wiggles the Chopper (level 5, 0/47 HPs)
             Began as a Minotaur Berserker on July 11, 2023.
             Was a Believer of Trog.
             Slain by an orc priest
             ... wielding a +0 short sword
              (3 damage)
             ... on level 3 of the Dungeon.
             The game lasted 00:03:21 (1844 turns).

Wiggles the Chopper (Minotaur Berserker)            Turns: 1844, Time: 00:03:22

Health: 0/47       AC: 10    Str: 23    XL:     5   Next: 22%
Magic:  4/4        EV:  9    Int:  4    God:    Trog [**....]
Gold:   180        SH:  0    Dex: 10    Spells: 4/4 levels left

rFire   . . .        a - +0 hand axe
rCold   . . .        (no shield)
rNeg    . . .        b - +0 chain mail
rPois   .            (helmet restricted)
rElec   .            k - +0 cloak
rCorr   .            (no gloves)
SInv    .            (no boots)
Will    .....        (no amulet) Stlth
                     (no ring)
HPRegen 0.27/turn    (no ring)
MPRegen 0.09/turn

%: no passive effects
@: confused
A: horns 2, retaliatory headbutt
a: Renounce Religion, Berserk, Trog's Hand


You were on level 3 of the Dungeon.
You worshipped Trog.
Trog was pleased with you.
You visited 1 branch of the dungeon, and saw 3 of its levels.

You collected 180 gold pieces.

Inventory:

Hand Weapons
 a - a +0 hand axe (weapon)
Missiles
 e - 2 throwing nets (quivered)
Armour
 b - a +0 chain mail (worn)
 k - a +0 cloak (worn)
Jewellery
 i - a ring of ice
Scrolls
 d - a scroll of identify {unknown}
 j - 4 scrolls of teleportation {unknown}
 l - a scroll of enchant armour {unknown}
 n - a scroll of fog {unknown}
 o - 2 scrolls of enchant weapon {unknown}
Potions
 c - 2 potions of haste {unknown}
 f - a potion of degeneration {unknown}
 g - 2 potions of lignification {unknown}
 h - a potion of flight {unknown}
 m - a potion of cancellation {unknown}


   Skills:
 + Level 4.7 Fighting
 + Level 5.1 Axes
 + Level 3.7 Armour
 + Level 3.0 Dodging
 + Level 0.5 Stealth


You had 4 spell levels left.
You didn't know any spells.
Your spell library was empty.

Dungeon Overview and Level Annotations

Branches:
Dungeon (3/15)

Altars:
Ru


Innate Abilities, Weirdness & Mutations

You have a pair of horns on your head.
You reflexively headbutt those who attack you in melee.


Message History

The frilled lizard hisses.
The frilled lizard bites you but does no damage.
You hear some strange, mumbled words.
A puff of flame appears from out of thin air!
The puff of flame hits you!
* * * LOW HITPOINT WARNING * * *
You miss the frilled lizard. You barely miss something.
You completely miss something. Something hits you.
* * * LOW HITPOINT WARNING * * *
The frilled lizard bites you but does no damage.
You hear some strange, mumbled words.
You are more confused.
The frilled lizard unfolds its giant frill.
You hear some strange, mumbled words.
A puff of flame appears from out of thin air!
The puff of flame hits you.
* * * LOW HITPOINT WARNING * * *
Something hits you but does no damage. The frilled lizard barely misses you.
You bump into the rock wall.
Something hits you but does no damage. x2
The frilled lizard bites you but does no damage.
You barely miss something. You closely miss something.
You miss the frilled lizard. Something hits you.
* * * LOW HITPOINT WARNING * * *
You hear some strange, mumbled words.
You are more confused.
The frilled lizard barely misses you.
You miss something. You hit something. You closely miss the frilled lizard.
Reactivating autopickup.
You feel a bit more experienced. The frilled lizard bites you.
* * * LOW HITPOINT WARNING * * *
You hear some strange, mumbled words.
A puff of flame appears from out of thin air!
Deactivating autopickup; reactivate with Ctrl-A.
The puff of flame hits you but does no damage.
You barely miss the frilled lizard. You hit the orc priest.
You completely miss something.
The frilled lizard bites you but does no damage.
Something hits you but does no damage.
The orc priest hits you with a +0 short sword.
You die...

##..## ....# ....# ...#
...# ..#####l.#
......lo{# #@# #.# #.#
######### #.# #.......#
#)# ####.#####.### #.#
#....# #...# #.###'####
#####.#
.#####.......####.....#
.......>........<#.#####


You could see an orc priest and 2 frilled lizards.

Vanquished Creatures
  Crazy Yiuf (D:2)
  Jessica (D:2)
  Terence (D:2)
  Natasha (D:2)
  An adder (D:2)
  A worm (D:2)
  2 dart slugs
  3 orcs (D:3)
  3 ball pythons (D:1)
  A giant cockroach (D:1)
  A hobgoblin (D:2)
  2 quokkas
  3 bats
  A frilled lizard (D:1)
  6 goblins
  3 kobolds
  4 rats
35 creatures vanquished.

Vanquished Creatures (others)
  An orc wizard (D:3)
1 creature vanquished.

Grand Total: 36 creatures vanquished

Notes
Turn   | Place    | Note
-------+----------+-------------------------------------------
     0 | D:1      | Wiggles the Minotaur Berserker began the quest for the Orb.
     0 | D:1      | Reached XP level 1. HP: 19/19 MP: 0/0
   218 | D:1      | Reached skill level 4 in Axes
   218 | D:1      | Reached XP level 2. HP: 26/27 MP: 1/1
   392 | D:1      | Found a faded altar of an unknown god.
   833 | D:2      | Noticed Jessica
   840 | D:2      | Killed Jessica
   841 | D:2      | Reached XP level 3. HP: 14/33 MP: 2/2
   916 | D:2      | Noticed Terence
   923 | D:2      | Killed Terence
   966 | D:2      | Reached XP level 4. HP: 35/41 MP: 3/3
  1022 | D:2      | Noticed Natasha
  1028 | D:2      | Killed Natasha
  1326 | D:2      | Reached ** piety under Trog
  1485 | D:2      | Found a runed translucent door.
  1486 | D:2      | Noticed Crazy Yiuf
  1497 | D:2      | Killed Crazy Yiuf
  1498 | D:2      | Reached skill level 5 in Axes
  1498 | D:2      | Reached XP level 5. HP: 5/47 MP: 1/4
  1748 | D:3      | Found a sacrificial altar of Ru.
  1843 | D:3      | HP: 2/47 [frilled lizard (2)]
  1844 | D:3      | Slain by an orc priest

Illustrated notes

Levels and vault maps discovered:
D:1:      heliophobic_arrival_glass_houses, layout_basic,
          ebering_ecumenical_altar_box
D:2:      layout_basic, uniq_natasha, uniq_crazy_yiuf_cottage, uniq_jessica,
          uniq_terence
D:3:      cheibrodos_old_hovel, layout_basic, lemuel_crystal_altar,
          mainiacjoe_overflow_concentric_impassable, uniq_grinder

Skill      XL: |  1  2  3  4 |
---------------+-------------+-----
Axes           | 4 5 |  5.1
Fighting       | 4 |  4.7
Armour         | 3 |  3.7
Dodging        | 3 |  3.0
Stealth        | |  0.5

Action                     |  1- 3 |  4- 6 || total
---------------------------+-------+-------++-------
  Melee: Hand axe          |    42 |    51 ||    93
         Headbutt          |     2 |    13 ||    15
 Armour: Animal skin       |     5 |       ||     5
         Chain mail        |     1 |    34 ||    35
  Dodge: Dodged            |    25 |    17 ||    42
